2794 views
Uploaded 2020-02-15 14:42:22
Game version 1.32 / 1.32.1
16:41 long 4on4 ladder game on (8)Deadlock_LV
Saved by TALONSARIMBA
2794 views
Uploaded 2020-02-15 14:42:22
Game version 1.32 / 1.32.1
16:41 long 4on4 ladder game on (8)Deadlock_LV

118 units @ 16.3k
/ 2.1k
61 buildings @ 8.4k
/ 3.5k


| Healing Salve | 2 | 200 |
| Lesser Clarity Potion | 4 | 280 |
| Scroll of Speed | 1 | 50 |
| Dust of Appearance | 1 | 75 |
| Boots of Speed | 1 | 250 |
| Circlet of Nobility | 1 | 175 |
| Staff of Teleportation | 1 | 150 |
| total: | 11 | 1180g |
| Peon | 10 | 750 | / | 0 |
| Shaman | 5 | 650 | / | 100 |
| total: | 15 | 1400g | / | 100w |
| Altar of Storms | 1 | 180 | / | 50 |
| Orc Burrow | 4 | 640 | / | 160 |
| Voodoo Lounge | 1 | 130 | / | 30 |
| Spirit Lodge | 2 | 300 | / | 300 |
| Stronghold | 1 | 315 | / | 190 |
| Fortress | 1 | 325 | / | 190 |
| total: | 8 | 1250g | / | 540w |
| 0:18 | Peon |
| 0:22 | Altar of Storms |
| 0:29 | Peon |
| 0:34 | Orc Burrow |
| 0:36 | Peon |
| 0:46 | Peon |
| 1:07 | Voodoo Lounge |
| 1:10 | Peon |
| 1:22 | Peon |
| 1:30 | Peon |
| 1:44 | Peon |
| 2:10 | Orc Burrow |
| 2:14 | Peon |
| 2:22 | Healing Salve |
| 2:23 | Lesser Clarity Potion |
| 2:26 | Wind Walk |
| 2:35 | Peon |
| 2:54 | Stronghold |
| 3:16 | Orc Burrow |
| 3:42 | Boots of Speed |
| 3:43 | Dust of Appearance |
| 3:47 | Circlet of Nobility |
| 3:56 | Staff of Teleportation |
| 5:18 | Spirit Lodge |
| 5:20 | Spirit Lodge |
| 6:04 | Critical Strike |
| 6:15 | Orc Burrow |
| 6:16 | Fortress |
| 6:19 | Lesser Clarity Potion |
| 6:19 | Scroll of Speed |
| 6:20 | Lesser Clarity Potion |
| 6:55 | Hex |
| 7:38 | Shaman |
| 7:39 | Shaman Adept Training |
| 7:39 | Shaman |
| 8:07 | Lesser Clarity Potion |
| 8:10 | Healing Salve |
| 8:11 | Shaman |
| 8:38 | Shaman |
| 9:25 | Critical Strike |
| 9:30 | Shaman Master Training |
| 9:30 | Shaman |
| Right click | 369 |
| Select group | 312 |
| Chat | 222 |
| Select | 139 |
| Misc. action | 102 |
| Build/train/purchase | 52 |
| Assign group | 17 |
| Use ability | 15 |
| Minimap ping | 14 |
| Item give/drop | 1 |


| Scroll of Speed | 1 | 50 |
| Lesser Clarity Potion | 1 | 70 |
| total: | 2 | 120g |
| Peon | 10 | 750 | / | 0 |
| Wind Rider | 8 | 2120 | / | 320 |
| Tauren | 2 | 560 | / | 160 |
| Obsidian Statue | 5 | 1000 | / | 175 |
| Crypt Fiend | 2 | 430 | / | 80 |
| Abomination | 2 | 480 | / | 140 |
| total: | 29 | 5340g | / | 875w |
| Altar of Storms | 1 | 180 | / | 50 |
| Orc Burrow | 9 | 1440 | / | 360 |
| Voodoo Lounge | 1 | 130 | / | 30 |
| War Mill | 2 | 410 | / | 0 |
| Barracks | 1 | 180 | / | 50 |
| Beastiary | 2 | 290 | / | 280 |
| Spirit Lodge | 1 | 150 | / | 150 |
| Tauren Totem | 3 | 405 | / | 465 |
| Stronghold | 2 | 630 | / | 380 |
| Fortress | 1 | 325 | / | 190 |
| Ziggurat | 1 | 150 | / | 50 |
| total: | 21 | 3335g | / | 1435w |
| 0:05 | Peon |
| 0:05 | Peon |
| 0:09 | Altar of Storms |
| 0:22 | Orc Burrow |
| 0:30 | Peon |
| 0:37 | Peon |
| 0:59 | Peon |
| 1:07 | Voodoo Lounge |
| 1:09 | Peon |
| 1:25 | Peon |
| 1:36 | War Mill |
| 1:38 | Peon |
| 1:51 | Peon |
| 2:09 | Barracks |
| 2:18 | Feral Spirit |
| 2:20 | Stronghold |
| 2:35 | Orc Burrow |
| 3:00 | Steel Ranged Weapons |
| 4:42 | Beastiary |
| 4:44 | Beastiary |
| 4:45 | Peon |
| 4:52 | Scroll of Speed |
| 4:52 | Lesser Clarity Potion |
| 5:02 | Orc Burrow |
| 5:53 | Wind Rider |
| 5:59 | Thorium Ranged Weapons |
| 6:01 | Orc Burrow |
| 6:14 | Chain Lighting |
| 6:21 | War Stomp |
| 6:31 | Wind Rider |
| 7:14 | Wind Rider |
| 7:56 | Wind Rider |
| 7:58 | Steel Armor |
| 8:33 | Endurance Aura |
| 9:38 | Fortress |
| 9:39 | Thorium Armor |
| 9:47 | Feral Spirit |
| 10:06 | Death Coil |
| 10:18 | Obsidian Statue |
| 10:37 | Orc Burrow |
| 10:41 | Spirit Lodge |
| 10:53 | Ziggurat |
| 10:55 | Creature Attack |
| 11:01 | Orc Burrow |
| 12:06 | Wind Rider |
| 12:07 | Envenomed Spears |
| 12:09 | Shaman Adept Training |
| 12:32 | Unholy Aura |
| 12:35 | Frost Armor |
| 12:42 | Wind Rider |
| 12:45 | Arcanite Ranged Weapons |
| 12:57 | Tauren Totem |
| 12:58 | Tauren Totem |
| 13:00 | Tauren Totem |
| 13:03 | Orc Burrow |
| 13:04 | Orc Burrow |
| 13:05 | Orc Burrow |
| 13:30 | Destroyer Form |
| 13:31 | Obsidian Statue |
| 13:31 | Obsidian Statue |
| 13:32 | Crypt Fiend |
| 13:32 | Crypt Fiend |
| 13:33 | Improved Creature Attack |
| 14:09 | Wind Rider |
| 14:25 | War Mill |
| 15:37 | Wind Rider |
| 15:38 | Arcanite Armor |
| 15:42 | Tauren |
| 15:47 | Obsidian Statue |
| 15:47 | Obsidian Statue |
| 16:20 | Chain Lighting |
| 16:30 | Tauren |
| 16:33 | Abomination |
| 16:33 | Abomination |
| 16:35 | Burrow |
| 16:38 | Creature Carapace |
| Right click | 944 |
| Select group | 668 |
| Select | 349 |
| Build/train/purchase | 87 |
| Chat | 82 |
| Assign group | 23 |
| Use ability | 8 |
| Misc. action | 4 |
| Remove unit | 1 |
| Minimap ping | 1 |


| Rod of Necromancy | 2 | 300 |
| total: | 2 | 300g |
| Acolyte | 2 | 150 | / | 0 |
| Ghoul | 3 | 360 | / | 0 |
| Crypt Fiend | 9 | 1935 | / | 360 |
| Obsidian Statue | 1 | 200 | / | 35 |
| total: | 15 | 2645g | / | 395w |
| Nerubian Tower | 1 | 100 | / | 20 |
| Graveyard | 1 | 215 | / | 0 |
| Crypt | 1 | 200 | / | 50 |
| Altar of Darkness | 1 | 180 | / | 50 |
| Ziggurat | 6 | 900 | / | 300 |
| Tomb of Relics | 1 | 130 | / | 30 |
| Slaughterhouse | 1 | 140 | / | 135 |
| Halls of the Dead | 1 | 320 | / | 210 |
| Black Citadel | 1 | 325 | / | 230 |
| total: | 11 | 1765g | / | 565w |
| 0:04 | Acolyte |
| 0:10 | Graveyard |
| 0:17 | Crypt |
| 0:20 | Acolyte |
| 0:42 | Altar of Darkness |
| 1:00 | Ziggurat |
| 1:18 | Tomb of Relics |
| 1:35 | Ghoul |
| 1:53 | Crypt Fiend |
| 2:08 | Ziggurat |
| 2:09 | Ziggurat |
| 2:23 | Crypt Fiend |
| 2:24 | Crypt Fiend |
| 2:50 | Rod of Necromancy |
| 3:01 | Death Coil |
| 3:09 | Crypt Fiend |
| 3:43 | Crypt Fiend |
| 4:20 | Halls of the Dead |
| 4:29 | Crypt Fiend |
| 4:31 | Ziggurat |
| 4:45 | Nerubian Tower |
| 4:52 | Unholy Aura |
| 5:59 | Ghoul |
| 6:24 | Ghoul |
| 6:26 | Ziggurat |
| 6:43 | Slaughterhouse |
| 7:19 | Crypt Fiend |
| 7:19 | Web |
| 8:10 | Rod of Necromancy |
| 8:11 | Obsidian Statue |
| 8:23 | Crypt Fiend |
| 8:26 | Black Citadel |
| 8:56 | Crypt Fiend |
| 9:00 | Frost Nova |
| 9:11 | Ziggurat |
| 9:13 | Creature Attack |
| Right click | 466 |
| Select group | 258 |
| Select | 150 |
| Misc. action | 101 |
| Build/train/purchase | 37 |
| Assign group | 24 |
| Use ability | 3 |
| Minimap ping | 2 |
| Esc | 1 |


| Lesser Clarity Potion | 6 | 420 |
| Potion of Healing | 1 | 150 |
| Potion of Mana | 1 | 200 |
| Scroll of Regeneration | 4 | 400 |
| Scroll of Town Portal | 1 | 350 |
| total: | 13 | 1520g |
| Peasant | 31 | 2325 | / | 0 |
| Footman | 14 | 1890 | / | 0 |
| Rifleman | 7 | 1435 | / | 210 |
| Mortar Team | 7 | 1260 | / | 490 |
| total: | 59 | 6910g | / | 700w |
| Scout Tower | 7 | 210 | / | 140 |
| Arcane Tower | 1 | 70 | / | 50 |
| Guard Tower | 5 | 350 | / | 250 |
| Altar of Kings | 1 | 180 | / | 50 |
| Farm | 6 | 480 | / | 120 |
| Barracks | 1 | 160 | / | 60 |
| Lumber Mill | 1 | 120 | / | 0 |
| Town Hall | 1 | 385 | / | 205 |
| Arcane Vault | 1 | 130 | / | 30 |
| Blacksmith | 1 | 140 | / | 60 |
| Workshop | 1 | 140 | / | 140 |
| Arcane Sanctum | 1 | 150 | / | 140 |
| Keep | 1 | 320 | / | 210 |
| Castle | 1 | 360 | / | 210 |
| total: | 21 | 2095g | / | 945w |
| 0:05 | Altar of Kings |
| 0:06 | Farm |
| 0:06 | Peasant |
| 0:23 | Peasant |
| 0:23 | Barracks |
| 0:33 | Farm |
| 0:43 | Peasant |
| 1:00 | Peasant |
| 1:18 | Peasant |
| 1:25 | Footman |
| 1:36 | Farm |
| 1:39 | Peasant |
| 1:43 | Scout Tower |
| 1:48 | Footman |
| 1:48 | Footman |
| 1:56 | Peasant |
| 2:09 | Footman |
| 2:15 | Arcane Tower |
| 2:20 | Storm Bolt |
| 2:24 | Peasant |
| 2:39 | Footman |
| 3:09 | Peasant |
| 3:11 | Lumber Mill |
| 3:54 | Bash |
| 3:56 | Town Hall |
| 4:04 | Peasant |
| 4:18 | Peasant |
| 4:23 | Arcane Vault |
| 4:41 | Scout Tower |
| 4:56 | Peasant |
| 5:17 | Guard Tower |
| 5:17 | Scout Tower |
| 5:28 | Peasant |
| 5:38 | Scout Tower |
| 5:46 | Keep |
| 6:00 | Guard Tower |
| 6:03 | Lesser Clarity Potion |
| 6:06 | Footman |
| 6:07 | Footman |
| 6:12 | Guard Tower |
| 6:36 | Scout Tower |
| 6:40 | Lesser Clarity Potion |
| 6:46 | Scout Tower |
| 6:51 | Footman |
| 6:54 | Farm |
| 7:14 | Peasant |
| 7:14 | Peasant |
| 7:30 | Storm Bolt |
| 7:47 | Footman |
| 7:47 | Footman |
| 8:06 | Footman |
| 8:13 | Peasant |
| 8:13 | Peasant |
| 8:20 | Guard Tower |
| 8:32 | Potion of Healing |
| 8:32 | Potion of Mana |
| 8:43 | Blacksmith |
| 8:49 | Peasant |
| 9:21 | Siphon Mana |
| 9:32 | Footman |
| 9:33 | Footman |
| 9:39 | Peasant |
| 9:39 | Peasant |
| 9:39 | Peasant |
| 9:39 | Peasant |
| 9:40 | Peasant |
| 10:02 | Scroll of Regeneration |
| 10:02 | Lesser Clarity Potion |
| 10:05 | Peasant |
| 10:20 | Rifleman |
| 10:24 | Workshop |
| 10:28 | Arcane Sanctum |
| 10:31 | Peasant |
| 10:42 | Scout Tower |
| 10:43 | Peasant |
| 10:50 | Rifleman |
| 10:55 | Castle |
| 11:13 | Rifleman |
| 11:22 | Guard Tower |
| 11:25 | Lesser Clarity Potion |
| 11:26 | Scroll of Regeneration |
| 11:32 | Mortar Team |
| 11:50 | Rifleman |
| 11:58 | Mortar Team |
| 12:33 | Mortar Team |
| 12:34 | Rifleman |
| 12:50 | Rifleman |
| 12:51 | Mortar Team |
| 13:12 | Peasant |
| 13:12 | Peasant |
| 13:13 | Peasant |
| 13:43 | Fragmentation Shards |
| 13:49 | Peasant |
| 13:50 | Peasant |
| 13:52 | Scroll of Regeneration |
| 13:54 | Lesser Clarity Potion |
| 14:01 | Sorceress Adept Training |
| 14:16 | Improved Masonry |
| 14:19 | Mortar Team |
| 14:21 | Farm |
| 14:25 | Farm |
| 14:52 | Scroll of Regeneration |
| 14:52 | Lesser Clarity Potion |
| 14:54 | Scroll of Town Portal |
| 15:03 | Mortar Team |
| 15:05 | Footman |
| 15:41 | Banish |
| 16:25 | Mortar Team |
| 16:25 | Rifleman |
| 16:38 | Bash |
| Right click | 1391 |
| Select | 615 |
| Select group | 442 |
| Chat | 261 |
| Misc. action | 127 |
| Build/train/purchase | 110 |
| Use ability | 32 |
| Assign group | 24 |
| Esc | 4 |
| Item give/drop | 2 |
133 units @ 13.8k
/ 1.6k
63 buildings @ 10.6k
/ 4.4k


| Wisp | 16 | 960 | / | 0 |
| Archer | 4 | 520 | / | 40 |
| Dryad | 8 | 1160 | / | 480 |
| Crypt Fiend | 3 | 645 | / | 120 |
| total: | 31 | 3285g | / | 640w |
| Altar of Elders | 1 | 180 | / | 50 |
| Moon Well | 5 | 900 | / | 200 |
| Ancient of War | 1 | 150 | / | 60 |
| Hunter's Hall | 1 | 210 | / | 100 |
| Ancient of Wonders | 1 | 90 | / | 30 |
| Ancient of Lore | 2 | 310 | / | 290 |
| Tree of Ages | 1 | 320 | / | 180 |
| Tree of Eternity | 2 | 660 | / | 400 |
| Slaughterhouse | 1 | 140 | / | 135 |
| Black Citadel | 1 | 325 | / | 230 |
| total: | 12 | 1980g | / | 865w |
| 0:03 | Wisp |
| 0:03 | Wisp |
| 0:03 | Wisp |
| 0:03 | Wisp |
| 0:08 | Altar of Elders |
| 0:18 | Moon Well |
| 0:32 | Wisp |
| 0:40 | Ancient of War |
| 0:47 | Wisp |
| 1:06 | Wisp |
| 1:06 | Wisp |
| 1:16 | Wisp |
| 1:41 | Archer |
| 1:43 | Moon Well |
| 1:44 | Wisp |
| 1:44 | Wisp |
| 2:35 | Archer |
| 2:36 | Archer |
| 2:38 | Wisp |
| 3:04 | Tree of Ages |
| 3:14 | Archer |
| 3:31 | Mana Burn |
| 3:39 | Hunter's Hall |
| 3:41 | Moon Well |
| 4:32 | Moon Well |
| 5:33 | Evasion |
| 5:49 | Ancient of Lore |
| 5:50 | Ancient of Lore |
| 6:11 | Tree of Eternity |
| 7:01 | Dryad |
| 7:01 | Dryad |
| 7:03 | Dryad |
| 7:03 | Dryad |
| 7:18 | Moon Well |
| 7:51 | Entangling Roots |
| 8:06 | Dryad |
| 8:21 | Dryad |
| 8:27 | Wisp |
| 8:28 | Wisp |
| 9:50 | Wisp |
| 9:50 | Wisp |
| 10:59 | Tree of Eternity |
| 11:00 | Dryad |
| 11:03 | Ancient of Wonders |
| 11:12 | Dryad |
| 11:18 | Black Citadel |
| 11:20 | Crypt Fiend |
| 11:20 | Web |
| 11:20 | Crypt Fiend |
| 11:21 | Crypt Fiend |
| 11:23 | Slaughterhouse |
| Right click | 498 |
| Select | 227 |
| Chat | 119 |
| Select group | 60 |
| Build/train/purchase | 52 |
| Assign group | 27 |
| Use ability | 26 |
| Item give/drop | 1 |
| Remove unit | 1 |
| Esc | 1 |

| Wisp | 14 | 840 | / | 0 |
| Archer | 10 | 1300 | / | 100 |
| Dryad | 2 | 290 | / | 120 |
| total: | 26 | 2430g | / | 220w |
| Ancient Protector | 3 | 405 | / | 240 |
| Altar of Elders | 1 | 180 | / | 50 |
| Moon Well | 5 | 900 | / | 200 |
| Ancient of War | 1 | 150 | / | 60 |
| Hunter's Hall | 1 | 210 | / | 100 |
| Ancient of Lore | 2 | 310 | / | 290 |
| Tree of Ages | 1 | 320 | / | 180 |
| total: | 13 | 2155g | / | 940w |
| 0:05 | Wisp |
| 0:22 | Altar of Elders |
| 0:23 | Wisp |
| 0:34 | Wisp |
| 0:42 | Moon Well |
| 0:49 | Wisp |
| 0:56 | Ancient of War |
| 0:58 | Wisp |
| 0:58 | Wisp |
| 1:25 | Wisp |
| 1:40 | Wisp |
| 1:45 | Moon Well |
| 1:58 | Archer |
| 2:00 | Wisp |
| 2:08 | Wisp |
| 2:17 | Wisp |
| 2:38 | Archer |
| 2:43 | Moon Well |
| 2:46 | Immolation |
| 3:05 | Archer |
| 3:07 | Wisp |
| 3:07 | Wisp |
| 3:18 | Wisp |
| 3:39 | Archer |
| 3:44 | Hunter's Hall |
| 3:53 | Tree of Ages |
| 4:27 | Archer |
| 4:38 | Archer |
| 4:44 | Moon Well |
| 4:57 | Evasion |
| 5:44 | Ancient Protector |
| 6:04 | Moon Well |
| 7:03 | Archer |
| 7:47 | Immolation |
| 8:10 | Archer |
| 8:13 | Ancient of Lore |
| 8:16 | Ancient of Lore |
| 9:25 | Archer |
| 9:25 | Archer |
| 9:29 | Ancient Protector |
| 9:32 | Ancient Protector |
| 9:33 | Dryad |
| 9:35 | Dryad |
| Right click | 237 |
| Select | 152 |
| Select group | 39 |
| Build/train/purchase | 38 |
| Misc. action | 23 |
| Assign group | 15 |
| Use ability | 3 |



| Potion of Healing | 1 | 150 |
| Staff of Preservation | 1 | 150 |
| Scroll of Town Portal | 1 | 350 |
| total: | 3 | 650g |
| Wisp | 36 | 2160 | / | 0 |
| Archer | 6 | 780 | / | 60 |
| Druid of the Talon | 1 | 145 | / | 20 |
| Huntress | 2 | 390 | / | 40 |
| Dryad | 4 | 580 | / | 240 |
| Hippogryph | 3 | 480 | / | 60 |
| Chimaera | 3 | 990 | / | 210 |
| Crypt Fiend | 2 | 430 | / | 80 |
| Obsidian Statue | 2 | 400 | / | 70 |
| total: | 59 | 6355g | / | 780w |
| Ancient Protector | 2 | 270 | / | 160 |
| Moon Well | 6 | 1080 | / | 240 |
| Altar of Elders | 1 | 180 | / | 50 |
| Ancient of War | 1 | 150 | / | 60 |
| Tree of Life | 2 | 680 | / | 370 |
| Hunter's Hall | 1 | 210 | / | 100 |
| Ancient of Wonders | 1 | 90 | / | 30 |
| Ancient of Lore | 1 | 155 | / | 145 |
| Ancient of Wind | 1 | 150 | / | 140 |
| Chimaera Roost | 2 | 280 | / | 380 |
| Tree of Ages | 1 | 320 | / | 180 |
| Tree of Eternity | 1 | 330 | / | 200 |
| Spirit Tower | 2 | 290 | / | 80 |
| Ziggurat | 5 | 750 | / | 250 |
| total: | 23 | 3995g | / | 1925w |
| 0:03 | Wisp |
| 0:04 | Wisp |
| 0:04 | Wisp |
| 0:04 | Wisp |
| 0:20 | Moon Well |
| 0:33 | Altar of Elders |
| 0:48 | Ancient of War |
| 0:50 | Wisp |
| 1:09 | Wisp |
| 1:14 | Moon Well |
| 1:19 | Wisp |
| 1:41 | Wisp |
| 1:48 | Archer |
| 1:59 | Wisp |
| 2:08 | Archer |
| 2:15 | Wisp |
| 2:25 | Archer |
| 2:27 | Wisp |
| 2:34 | Mana Burn |
| 2:50 | Archer |
| 3:04 | Tree of Ages |
| 3:19 | Archer |
| 3:34 | Moon Well |
| 4:17 | Evasion |
| 4:28 | Tree of Life |
| 4:45 | Hunter's Hall |
| 4:58 | Archer |
| 5:07 | Ancient of Wonders |
| 5:54 | Tree of Life |
| 5:55 | Ancient Protector |
| 5:58 | Ancient Protector |
| 6:27 | Mana Burn |
| 6:48 | Ancient of Lore |
| 6:51 | Ancient of Wind |
| 6:52 | Wisp |
| 6:52 | Wisp |
| 6:58 | Breath of Fire |
| 8:12 | Drunken Haze |
| 8:17 | Wisp |
| 8:19 | Druid of the Talon |
| 8:19 | Huntress |
| 8:21 | Wisp |
| 8:22 | Wisp |
| 8:22 | Wisp |
| 8:22 | Wisp |
| 8:22 | Wisp |
| 9:05 | Dryad |
| 9:07 | Huntress |
| 9:08 | Tree of Eternity |
| 9:12 | Wisp |
| 9:45 | Dryad |
| 9:46 | Abolish Magic |
| 9:53 | Hippogryph |
| 10:11 | Scroll of Town Portal |
| 10:12 | Potion of Healing |
| 10:13 | Staff of Preservation |
| 10:30 | Dryad |
| 10:32 | Hippogryph |
| 11:17 | Strength of the Wild |
| 11:17 | Reinforced Hides |
| 11:21 | Moon Well |
| 11:22 | Moon Well |
| 11:47 | Evasion |
| 12:35 | Chimaera Roost |
| 12:37 | Chimaera Roost |
| 12:57 | Breath of Fire |
| 13:12 | Moon Well |
| 13:33 | Dryad |
| 13:41 | Spirit Tower |
| 13:43 | Crypt Fiend |
| 13:45 | Obsidian Statue |
| 13:49 | Ziggurat |
| 13:50 | Ziggurat |
| 13:50 | Ziggurat |
| 13:51 | Ziggurat |
| 13:51 | Ziggurat |
| 13:58 | Trueshot Aura |
| 14:04 | Chimaera |
| 14:07 | Wisp |
| 14:07 | Wisp |
| 14:07 | Wisp |
| 14:07 | Wisp |
| 14:07 | Wisp |
| 14:07 | Wisp |
| 14:08 | Wisp |
| 14:08 | Wisp |
| 14:11 | Wisp |
| 14:11 | Wisp |
| 14:11 | Wisp |
| 14:11 | Wisp |
| 14:12 | Wisp |
| 14:12 | Wisp |
| 14:12 | Wisp |
| 14:12 | Wisp |
| 15:01 | Chimaera |
| 15:03 | Chimaera |
| 15:05 | Hippogryph |
| 16:18 | Obsidian Statue |
| 16:19 | Crypt Fiend |
| 16:21 | Creature Attack |
| 16:21 | Creature Carapace |
| 16:24 | Spirit Tower |
| Right click | 378 |
| Select | 354 |
| Select group | 165 |
| Chat | 165 |
| Build/train/purchase | 87 |
| Misc. action | 62 |
| Use ability | 47 |
| Assign group | 21 |
| Esc | 2 |
| Item give/drop | 1 |
| Minimap ping | 1 |


| Rod of Necromancy | 1 | 150 |
| Sacrificial Skull | 1 | 50 |
| total: | 2 | 200g |
| Acolyte | 7 | 525 | / | 0 |
| Ghoul | 10 | 1200 | / | 0 |
| total: | 17 | 1725g | / | 0w |
| Nerubian Tower | 2 | 200 | / | 40 |
| Spirit Tower | 6 | 870 | / | 240 |
| Ziggurat | 8 | 1200 | / | 400 |
| Crypt | 1 | 200 | / | 50 |
| Altar of Darkness | 2 | 360 | / | 100 |
| Graveyard | 1 | 215 | / | 0 |
| Tomb of Relics | 1 | 130 | / | 30 |
| Necropolis | 1 | 225 | / | 0 |
| Slaughterhouse | 1 | 140 | / | 135 |
| Halls of the Dead | 1 | 320 | / | 210 |
| total: | 15 | 2470g | / | 715w |
| 0:07 | Acolyte |
| 0:07 | Acolyte |
| 0:30 | Ziggurat |
| 0:36 | Crypt |
| 0:46 | Altar of Darkness |
| 1:04 | Graveyard |
| 1:17 | Altar of Darkness |
| 1:40 | Ghoul |
| 1:40 | Ghoul |
| 1:40 | Ghoul |
| 2:06 | Acolyte |
| 2:20 | Ghoul |
| 2:26 | Ziggurat |
| 2:42 | Cannibalize |
| 2:49 | Ghoul |
| 2:52 | Ziggurat |
| 2:56 | Tomb of Relics |
| 3:19 | Vampiric Aura |
| 3:31 | Halls of the Dead |
| 3:34 | Ghoul |
| 3:34 | Ghoul |
| 3:51 | Ghoul |
| 4:07 | Nerubian Tower |
| 4:34 | Spirit Tower |
| 4:36 | Rod of Necromancy |
| 4:37 | Sacrificial Skull |
| 4:50 | Spirit Tower |
| 4:55 | Ghoul |
| 4:55 | Ghoul |
| 5:25 | Sleep |
| 5:41 | Ziggurat |
| 5:44 | Ziggurat |
| 6:19 | Ziggurat |
| 6:25 | Ziggurat |
| 6:44 | Nerubian Tower |
| 6:58 | Spirit Tower |
| 7:08 | Ziggurat |
| 7:34 | Necropolis |
| 7:46 | Spirit Tower |
| 8:19 | Slaughterhouse |
| 8:35 | Spirit Tower |
| 8:54 | Acolyte |
| 8:54 | Acolyte |
| 9:00 | Acolyte |
| 9:06 | Acolyte |
| 9:39 | Death Coil |
| Select | 111 |
| Right click | 99 |
| Select group | 81 |
| Build/train/purchase | 37 |
| Misc. action | 20 |
| Assign group | 5 |
| Use ability | 2 |
| Item give/drop | 2 |
| Remove unit | 1 |
⇛